 Dungeon Crawl Stone Soup version 0.31-a0-271-gb88eb75e06 (webtiles) character file.

Game seed: 13779312598073237732

79 LeprechaunX the Changeling (level 4, -1/30 HPs)
             Began as an Octopode Shapeshifter on July 14, 2023.
             Slain by a gnoll
             ... wielding a +0 spear
              (6 damage)
             ... on level 2 of the Dungeon.
             The game lasted 00:01:39 (1205 turns).

LeprechaunX the Changeling (Octopode Shapeshifter)  Turns: 1205, Time: 00:01:41

Health: -1/30      AC:  1    Str: 14    XL:     4   Next: 38%
Magic:  4/4        EV: 13    Int: 10    God:
Gold:   102        SH:  0    Dex: 14    Spells: 3/3 levels left

rFire   . . .        c - +1 dagger (venom)
rCold   . . .        (no shield)
rNeg    . . .        (helmet currently unavailable)
rPois   .            (no amulet)
rElec   .            (no ring)
rCorr   .            (no ring)
SInv    .            (no ring)
Will    .....        (no ring)
Stlth   ++           (no ring)
HPRegen 0.25/turn    (no ring)
MPRegen 0.09/turn    (no ring)
                     (no ring)

%: no passive effects
@: beast-form
A: beast (slay +2), almost no armour, amphibious, 8 rings, camouflage 1,
gelatinous body 1, (nimble swimmer 1), tentacles
a: Begin Untransformation


You were on level 2 of the Dungeon.
You were a hulking beast.
You visited 1 branch of the dungeon, and saw 2 of its levels.

You collected 102 gold pieces.

Inventory:

Hand Weapons
 c - a +1 dagger of venom (weapon)
Missiles
 k - 3 javelins (quivered)
Jewellery
 e - a +6 ring of strength
Talismans
 b - a beast talisman
Scrolls
 f - a scroll of enchant armour {unknown}
 g - a scroll of amnesia {unknown}
 h - 2 scrolls of identify {unknown}
 i - a scroll of revelation {unknown}
 j - a scroll of poison {unknown}
Potions
 a - a potion of lignification
 d - 2 potions of heal wounds {unknown}


   Skills:
 + Level 2.7 Fighting
 - Level 2.0 Dodging
 + Level 2.8 Unarmed Combat
 * Level 3.8 Shapeshifting


You had 3 spell levels left.
You didn't know any spells.
Your spell library contained the following spells:

 Spells                   Type           Power      Damage    Failure   Level
 Stone Arrow              Conj/Erth      0%         3d7       75%         3
 Conjure Ball Lightning   Conj/Air       0%         3x3d6     100%        6
 Discord                  Hex            0%         N/A       100%        8
 Disjunction              Tloc           0%         N/A       100%        8
 Lehudib's Crystal Spear  Conj/Erth      0%         10d2      100%        8
 Animate Armour           Summ/Erth      Unusable   N/A       N/A         4

Dungeon Overview and Level Annotations

Branches:
Dungeon (2/15)

Altars:


Innate Abilities, Weirdness & Mutations

You are a hulking beast.
Your limbs bulge with bestial killing power. (Slay +2)
You cannot wear most types of armour.
You are amphibious.
You can wear up to eight rings at the same time.
Your skin changes colour to match your surroundings (Stealth+).
Your rubbery body absorbs attacks. (AC +1, EV +1)
((You are camouflaged when in or above water. (Stealth+)))
You have tentacles for arms and can constrict up to eight enemies at once.


Message History

The gnoll hits you from afar with a +0 spear.
The gnoll hits you but does no damage. The gnoll closely misses you.
The gnoll attacks as you move away! The gnoll misses you.
You kill the gnoll!
The adder closely misses you.
You have reached level 4!
The adder attacks as you move away! The adder bites you.
You are poisoned.
The adder poisons you!
You feel sick. The adder bites you.
You feel sick.
You feel sick.
You feel sick. The adder closely misses you.
You feel sick. The adder attacks as you move away! The adder barely misses you.
You feel sick.
You feel sick.
You are no longer poisoned.
The adder closely misses you.
You puncture the adder! You grab the adder. You squeeze the adder.
You kill the adder!
You hit the quokka.
The quokka is poisoned.
Your grab misses the quokka.
The quokka is heavily wounded.
The quokka barely misses you.
You hit the quokka but do no damage. You grab the quokka.
The quokka is heavily wounded.
You constrict the quokka.
You kill the quokka!
You hit the gnoll.
The gnoll is poisoned.
You grab the gnoll. You squeeze the gnoll!
You kill the gnoll!
The gnoll hits you from afar with a +0 spear.
You hit the gnoll.
The gnoll is poisoned.
Your grab misses the gnoll.
The gnoll is heavily wounded.
The gnoll hits you from afar with a +0 spear.
* * * LOW HITPOINT WARNING * * *
The gnoll closely misses you. The gnoll closely misses you.
You hit the gnoll.
The gnoll looks even sicker.
Your grab misses the gnoll.
The gnoll is almost dead.
The gnoll hits you from afar with a +0 spear.
You die...

#.################
#...............(.
#.################
#.# #.# ##### ####
#.# #...# #... #.#
#...# #... #.# #...#
#...
#h###...#######...
#.gg).†...........
#####...#######.).
#...##........
..######.............
.....................
..###...#####...$....
.....### #.....#..
..##.# ########.


You could see 2 gnolls.

Vanquished Creatures
  2 gnolls (D:2)
  An adder (D:2)
  A dart slug (D:1)
  A ball python (D:1)
  4 bats (D:1)
  2 endoplasms (D:1)
  A giant cockroach (D:2)
  7 goblins
  3 hobgoblins (D:1)
  7 jackals (D:1)
  4 quokkas
  2 frilled lizards (D:1)
  3 kobolds (D:1)
  6 rats
44 creatures vanquished.

Notes
Turn   | Place    | Note
-------+----------+-------------------------------------------
     0 | D:1      | LeprechaunX the Octopode Shapeshifter began the quest for
                  | the Orb.
     0 | D:1      | Reached XP level 1. HP: 14/14 MP: 1/1
   164 | D:1      | Reached XP level 2. HP: 19/19 MP: 2/2
   352 | D:1      | Reached XP level 3. HP: 20/25 MP: 3/3
  1187 | D:2      | Reached XP level 4. HP: 22/30 MP: 4/4
  1205 | D:2      | Slain by a gnoll

Illustrated notes

Levels and vault maps discovered:
D:1:      tarquinn_simple_flora_water_f, layout_loops_corners,
          minmay_misc_feat_ornament, dreamdust_princess_bridge
D:2:      minmay_kobold_bridge, layout_basic, minmay_quadrilaterals,
          uniq_sigmund, uniq_terence

Action                     |  1- 3 |  4- 6 || total
---------------------------+-------+-------++-------
  Melee: Dagger            |    66 |     6 ||    72
         Tentacles         |    14 |     2 ||    16
         Constrict         |    20 |     3 ||    23
         Unarmed           |     2 |       ||     2
   Stab: Sleeping          |     5 |       ||     5
 Armour: Skin              |     9 |       ||     9
  Dodge: Dodged            |    45 |     6 ||    51

Table legend: (Time is in decaauts)
 A = Elapsed time spent in this place.
 B = Non-inter-level travel time spent in this place.
 C = Inter-level travel time spent in this place.
 D = Time resting spent in this place.
 E = Time spent auto-exploring this place.
 F = Levels seen in this place.
 G = Mean time per level.
                   A        B        C        D        E       F      G
               +--------+--------+--------+--------+--------+-----+--------+
         Total |   1204 |   1058 |    146 |      0 |    819 |   2 |  602.0 |
       Dungeon |   1204 |   1058 |    146 |      0 |    819 |   2 |  602.0 |
               +--------+--------+--------+--------+--------+-----+--------+

Top non-repeatable levels by time:
     D:1: 1075 daAuts
     D:2: 128 daAuts
